[Event "Goteborg Open 2024"]
[Site "Goteborgs Schackcentrum, Vegatan 20, Gothenburg, Sweden"]
[Date "2024.08.02"]
[Round "1.21"]
[White "Eklund, Rickard"]
[Black "Mohammed, Safian Haj"]
[Result "1-0"]
[TimeControl "15 minutes + 5 seconds per move from move one (Round 1 - 4) / 90 minutes + 30 seconds per move from move one (Round 5 - 8)"]
[WhiteFideId "1789040"]
[BlackFideId "1729276"]
[WhiteElo "1595"]
[BlackElo "1890"]

1. e4 c5 2. Nf3 d6 3. d4 cxd4 4. Nxd4 Nf6 5. Nc3 g6 6. Bc4 Bg7 7. O-O O-O 8. Be3 Nc6 9. f3 Bd7 10. Qd2 Rc8 11. Bb3 Ne5 12.
Kh1 Nc4 13. Bxc4 Rxc4 14. Rad1 a6 15. b3 Rc8 16. Nd5 Nxd5 17. exd5 b5 18. Bg5 Re8 19. Rfe1 Rc5 20. Ne2 Qc7 21.
c3 Bxc3 22. Nxc3 Rxc3 23. Rxe7 Rxe7 24. Bxe7 Rc2 25. Qh6 Qb8 26. Bf6 Qf8 27. Qg5 Rxa2 28. h4 h6 29. Qf4 Qc8 30. Qxh6 Qf8 31.
Qf4 Kh7 32. Qg5 Qc8 33. Re1 Qc2 34. Re7 Kg8 35. Rxd7 Qd1+ 36. Kh2 Kf8 1-0

[Event "Goteborg Open 2024"]
[Site "Goteborgs Schackcentrum, Vegatan 20, Gothenburg, Sweden"]
[Date "2024.08.02"]
[Round "2.1"]
[White "Rasti, Arvin"]
[Black "Fransson, Lennart"]
[Result "1-0"]
[TimeControl "15 minutes + 5 seconds per move from move one (Round 1 - 4) / 90 minutes + 30 seconds per move from move one (Round 5 - 8)"]
[WhiteTitle "FM"]
[WhiteFideId "1741160"]
[BlackFideId "1706756"]
[WhiteElo "2195"]
[BlackElo "1926"]

1. Nf3 Nf6 2. g3 g6 3.
Bg2 Bg7 4. O-O O-O 5. d4 c5 6. c4 Na6 7. Nc3 d6 8. d5 Nc7 9. e4 Rb8 10. a4 Bd7 11. h3 b6 12. Re1 a6 13.
e5 Nfe8 14. Bf4 b5 15. axb5 axb5 16. Ne4 Bf5 17. Bg5 Bxe4 18. Rxe4 dxe5 19. cxb5 f6 20. Be3 Nd6 21. Rea4 Rxb5 22.
Bf1 Rxb2 23. Bxc5 Qb8 24. Ba3 Rb7 25. Rc1 Bh6 26. Ra1 Ncb5 27. Bb2 Rc8 28. h4 Ra7 29. h5 Rxa4 30. Qxa4 Nc3 31.
Bxc3 Rxc3 32. Nh4 Kf7 33. hxg6+ hxg6 34. Qg4 Bg5 35. Qe6+ Kg7 36. Qxe7+ Nf7 37. Ra7 Qf8 38. Nxg6 Qxe7 39.
Nxe7 Rxg3+ 40. Kh1 Rg4 41. Bh3 Rb4 42. Be6 Rb1+ 43. Kg2 Nd8 44. Nc6+ Kg6 45. Nxd8 1-0

[Event "Goteborg Open 2024"]
[Site "Goteborgs Schackcentrum, Vegatan 20, Gothenburg, Sweden"]
[Date "2024.08.02"]
[Round "2.2"]
[White "Johansson, Stefan"]
[Black "Ask, Josef"]
[Result "0-1"]
[TimeControl "15 minutes + 5 seconds per move from move one (Round 1 - 4) / 90 minutes + 30 seconds per move from move one (Round 5 - 8)"]
[BlackTitle "FM"]
[WhiteFideId "1732242"]
[BlackFideId "1704583"]
[WhiteElo "1933"]
[BlackElo "2129"]

1. e4 c5 2. Nf3 Nc6 3. b4 cxb4 4. d4 d5 5. exd5 Qxd5 6. c4 bxc3 7. Nxc3 Qa5 8. Bd2 e6 9. Be2 Bb4 10.
Qb3 Nf6 11. O-O O-O 12. a3 Be7 13. Rfd1 Qd8 14. Bf4 Nd5 15. Bg3 Nxc3 16. Qxc3 Qa5 17. Qe3 Bf6 18. Rac1 Rd8 19. Bd3 Qa4 20.
Bc2 Qa5 21. Qe4 g6 22. Bb3 Qxa3 23. Rc3 Qb4 24. Rcd3 a5 25. d5 Qxe4 0-1

[Event "Goteborg Open 2024"]
[Site "Goteborgs Schackcentrum, Vegatan 20, Gothenburg, Sweden"]
[Date "2024.08.02"]
[Round "2.3"]
[White "Eriksson, Kristian"]
[Black "Borin, Jesper"]
[Result "1/2-1/2"]
[TimeControl "15 minutes + 5 seconds per move from move one (Round 1 - 4) / 90 minutes + 30 seconds per move from move one (Round 5 - 8)"]
[WhiteFideId "1705172"]
[BlackFideId "1771337"]
[WhiteElo "2064"]
[BlackElo "1905"]

1. d4 Nf6 2. Nc3 d5 3. Bg5 Nbd7 4. a3 h6 5. Bh4 e6 6. Nf3 c5 7. e3 Be7 8. Bd3 O-O 9. O-O a6 10.
Ne5 Nxe5 11. dxe5 Nd7 12. Bxe7 Qxe7 13. f4 b5 14. Qh5 c4 15. Be2 Qc5 16. Rf3 d4 17. exd4 Qxd4+ 18. Kh1 Bb7 19.
Rg3 Qxf4 20. Bf3 Bxf3 21. gxf3 Qxe5 22. Qh4 Qf6 23. Qh3 Qf5 24. Qh4 Qf6 25. Qh3 Qf5 26. Qh4 Qf6 1/2-1/2

[Event "Goteborg Open 2024"]
[Site "Goteborgs Schackcentrum, Vegatan 20, Gothenburg, Sweden"]
[Date "2024.08.02"]
[Round "2.4"]
[White "Karlsson, Stefan"]
[Black "Ottgard, Andreas"]
[Result "1/2-1/2"]
[TimeControl "15 minutes + 5 seconds per move from move one (Round 1 - 4) / 90 minutes + 30 seconds per move from move one (Round 5 - 8)"]
[WhiteFideId "1771183"]
[BlackFideId "1730592"]
[WhiteElo "2042"]
[BlackElo "1900"]

1. e4 d6 2. d4 Nf6 3. Nc3 g6 4.
Be3 c6 5. Qd2 b5 6. Bd3 Nbd7 7. Nf3 Qc7 8. O-O Bg7 9. Bh6 O-O 10. Rfe1 b4 11. Na4 a5 12. Bxg7 Kxg7 13. e5 Nd5 14.
a3 Ba6 15. Be4 N7b6 16. Nxb6 Nxb6 17. axb4 Nc4 18. Qf4 axb4 19. b3 Nb6 20. Qd2 d5 21. Bd3 Bxd3 22. cxd3 Rfb8 23. Qxb4 Nc4 24.
Qc3 Na3 25. Rec1 Rb6 26. Qc5 Rxb3 27. Qxc6 Qxc6 28. Rxc6 Rxd3 29. Ne1 Rxd4 30. Rc3 Rda4 31. Kf1 Nc4 32. Rxa4 Rxa4 33. Ke2 Ra2+ 34. Kf3 f6 35. exf6+ Kxf6 36.
Nd3 e5 37. Nb4 e4+ 38. Kf4 Rxf2+ 39. Kg3 Rd2 40. Nxd5+ Rxd5 41. Rxc4 Kf5 42. Rc7 h5 43. Rf7+ Ke5 44. Re7+ Kf5 45. Rf7+ Kg5 46. h4+ Kh6 47.
Re7 Rd4 48. Kf4 1/2-1/2

[Event "Goteborg Open 2024"]
[Site "Goteborgs Schackcentrum, Vegatan 20, Gothenburg, Sweden"]
[Date "2024.08.02"]
[Round "2.5"]
[White "Utriainen, Tapani"]
[Black "Kallen, Jonas"]
[Result "1-0"]
[TimeControl "15 minutes + 5 seconds per move from move one (Round 1 - 4) / 90 minutes + 30 seconds per move from move one (Round 5 - 8)"]
[WhiteFideId "16300696"]
[BlackFideId "1712896"]
[WhiteElo "1914"]
[BlackElo "2017"]

1. d4 Nf6 2. c4 g6 3. f3 c5 4. d5 e6 5. Nc3 d6 6. e4 exd5 7. cxd5 Bg7 8. Bb5+ Bd7 9. Bxd7+ Nbxd7 10. Nge2 a6 11. a4 O-O 12. O-O Rb8 13. f4 Re8 14. Ng3 c4 15. Be3 Qc7 16. Qf3 Nc5 17. Bxc5 Qxc5+ 18. Kh1 b5 19. axb5 axb5 20. f5 b4 21.
Nce2 Rf8 22. fxg6 hxg6 23. h4 Nd7 24. Rab1 Ne5 25. Qf4 Nd3 26. Qd2 Nxb2 27. h5 c3 28. Qg5 f6 29. Qxg6 Qe3 30.
Nf4 f5 31. h6 Rb7 32. hxg7 Rxg7 33.
Qe6+ Kh8 34. Nxf5 Rxf5 35. Qxf5 Qg3 36. Qf8+ Kh7 37. Qf5+ Kh8 38. Qf8+ Kh7 39. Qf5+ Kh6 40. Qh5# 1-0

[Event "Goteborg Open 2024"]
[Site "Goteborgs Schackcentrum, Vegatan 20, Gothenburg, Sweden"]
[Date "2024.08.02"]
[Round "2.6"]
[White "Wickstrom, Carina"]
[Black "Garby, Jacob"]
[Result "1-0"]
[TimeControl "15 minutes + 5 seconds per move from move one (Round 1 - 4) / 90 minutes + 30 seconds per move from move one (Round 5 - 8)"]
[WhiteFideId "1743201"]
[BlackFideId "1786520"]
[WhiteElo "2013"]
[BlackElo "1895"]

1. Nf3 d5 2. g3 Nf6 3. Bg2 Nc6 4. d4 h6 5. O-O Bf5 6. c4 dxc4 7. Na3 Qd5 8. Ne5 Be4 9. f3 Bh7 10.
Nxc6 Qxc6 11. e4 e6 12. Nc2 Rd8 13. Qe2 Be7 14. Bf4 O-O 15. Kh1 Rd7 16. a4 a5 17. Rfc1 Ne8 18. Be3 c3 19.
bxc3 Qxc3 20. Na3 Qb3 21. Nb5 e5 22. Bh3 f5 23. d5 Nd6 24. Nxd6 Rxd6 25. Rcb1 Qc3 26. Rc1 Qb4 27. Bc5 Qb3 28.
Bxd6 cxd6 29. exf5 Rxf5 30. Bxf5 Bxf5 31. Rcb1 Qxd5 32. Rd1 Qc6 33. g4 Bxg4 34. Rf1 Be6 35. Rg1 Bd5 36. Raf1 Bg5 37. Rg3 Kh7 38. Qd3+ Kg8 39.
Qf5 Qe8 40. Rfg1 Be6 41. Qd3 d5 42. h4 e4 43. Qe2 exf3 44. Qxf3 Qc6 45. hxg5 hxg5 46. Rxg5 d4 47. Rxg7+ Kh8 48. Qxc6 bxc6 49. Re7 Bd5+ 50. Kh2 c5 51. Rg5 Bb3 52.
Rxc5 d3 53. Rc8+ Bg8 54. Ree8 d2 55. Rxg8+ Kh7 56. Rgd8 1-0

[Event "Goteborg Open 2024"]
[Site "Goteborgs Schackcentrum, Vegatan 20, Gothenburg, Sweden"]
[Date "2024.08.02"]
[Round "2.7"]
[White "Degerfeldt, Sven"]
[Black "Wesslen, Ulf"]
[Result "1-0"]
[TimeControl "15 minutes + 5 seconds per move from move one (Round 1 - 4) / 90 minutes + 30 seconds per move from move one (Round 5 - 8)"]
[WhiteFideId "1717430"]
[BlackFideId "1705199"]
[WhiteElo "1902"]
[BlackElo "1953"]

1. d4 Nf6 2. Nf3 g6 3. c4 Bg7 4. e3 d6 5. Be2 O-O 6. O-O Nbd7 7. Nc3 c6 8. Qc2 e5 9. Rd1 Qc7 10.
b3 Re8 11. Bb2 e4 12. Nd2 d5 13. Rac1 Qa5 14. a3 a6 15. b4 Qd8 16. Qb3 Nf8 17. c5 Bg4 18. h3 Bxe2 19. Nxe2 Ne6 20.
a4 Nd7 21. Rf1 f5 22. b5 Rb8 23. Bc3 Kh8 24. Rb1 Rf8 25. Qc2 f4 26. bxc6 bxc6 27. Rxb8 Nxb8 28. exf4 Qh4 29. Qb3 Nd7 30.
Ba1 Qh5 31. Ng3 Qh6 32. Ne2 Nf6 33. Qe3 Nh5 34. g3 Bf6 35. Rb1 Nhg7 36. Kg2 Nf5 37. Qc3 g5 38. Nf1 gxf4 39. Nxf4 Nxf4+ 40. gxf4 Qxf4 41. Ng3 Nh4+ 42. Kg1 Nf3+ 43. Kg2 Nxd4 44. Qe3 Qf3+ 45. Qxf3 exf3+ 46. Kf1 Bg7 47. Rb7 Ne6 48. Bxg7+ Nxg7 49. Rc7 Rb8 50. Ke1 Ne6 51.
Rxc6 Nf4 52. Kd2 d4 53. Rb6 Rc8 54.
c6 Nxh3 55. Nf5 Nxf2 56. Ne7 Rc7 57. Nd5 Ne4+ 58. Ke1 f2+ 59.
Kf1 d3 60. Nxc7 d2 61. Rb1 Nc3 62.
Ra1 d1=Q+ 63. Rxd1 Nxd1 64. Ne6 Ne3+ 65. Ke2 Nd5 66. Kxf2 Kg8 67. c7 Nxc7 68. Nxc7 Kf7 69. Ke3 Ke7 70. Kd4 Kd6 71. Nxa6 Kc6 72.
Nb4+ Kb6 73. Kc4 Ka5 74. Kb3 1-0

[Event "Goteborg Open 2024"]
[Site "Goteborgs Schackcentrum, Vegatan 20, Gothenburg, Sweden"]
[Date "2024.08.02"]
[Round "2.8"]
[White "Lennerstad, Allan"]
[Black "Andersson, Stig"]
[Result "0-1"]
[TimeControl "15 minutes + 5 seconds per move from move one (Round 1 - 4) / 90 minutes + 30 seconds per move from move one (Round 5 - 8)"]
[WhiteFideId "1723774"]
[BlackFideId "1731971"]
[WhiteElo "1950"]
[BlackElo "1889"]

1. d4 Nf6 2. Nf3 d5 3. c4 e6 4. Nc3 Be7 5. Bg5 c6 6. e3 Nbd7 7. Qc2 Qa5 8. Be2 h6 9. Bxf6 Nxf6 10.
O-O Bd6 11. a3 Qd8 12. b4 O-O 13. b5 Qe7 14. bxc6 bxc6 15. Qa4 Bd7 16. c5 Bc7 17. Bd3 Rfb8 18. Rab1 e5 19. dxe5 Ng4 20.
Qd4 Nxe5 21. Be2 Nxf3+ 22. Bxf3 Be5 23. Qd3 Qxc5 24. Ne2 Qd6 25. g3 Qf6 26. Bg2 Bf5 27. e4 Bxe4 28. Bxe4 dxe4 29.
Qxe4 Re8 30. Qg4 Bd6 31. a4 a5 32. Nd4 Bb4 33. Rbd1 Rad8 34. Nc2 c5 35. Ne3 Rd4 36. Qe2 Qd8 37.
Qb5 Rd2 38. Rxd2 Bxd2 39. Nc4 Bb4 40. Ne3 Rf8 41. Rd1 Qe8 42.
Qxe8 Rxe8 43. Kf1 g6 44. Ke2 Kg7 45. Rd7 Re6 46. Kd3 h5 47. f3 Re8 48. h3 Be1 49. g4 Bf2 50. Nc4 Be1 51.
Nd6 Rf8 52. Ne4 hxg4 53. hxg4 Bb4 54. Kc4 Re8 55. Nd6 Rf8 56. Ne4 Kg8 57. Rc7 Rb8 58. Nxc5 Bxc5 59. Rxc5 Rb4+ 60. Kc3 Rxa4 61. Kb3 Ra1 62.
Rc3 Kg7 63. Kc4 Kf6 64. Kd4 Ra4+ 65. Ke3 Kg5 66. Rc7 f5 67. gxf5 Kxf5 68. Rf7+ Kg5 69. Ra7 Ra3+ 70. Kf2 Kf4 71.
Rf7+ Ke5 72. Rg7 Kf6 73. Ra7 g5 74. Kg3 Ra4 75. Ra8 Ra1 76. Kg2 Ke5 77. Re8+ Kf4 78. Rf8+ Ke3 79. Re8+ Kf4 80.
Rf8+ Ke5 81. Re8+ Kf6 82. Rf8+ Kg7 83. Ra8 Kg6 84. Kf2 Ra3 85. Kg3 Ra4 86. Rg8+ Kf6 87. Rf8+ Kg7 88. Ra8 Ra1 89. Kf2 Kg6 90. Rg8+ Kf6 91.
Rf8+ Ke7 92. Rg8 Kf6 93.
Rf8+ Kg7 94. Ra8 a4 95.
Kg3 a3 96. Kg4 a2 97. Kf5 g4 98. Ra7+ Kf8 99. Ra8+ Ke7 100. Ra7+ Kd6 101. Ra6+ Kc5 102. Ra5+ Kb4 103. Rxa2 Rxa2 104. fxg4 Kc5 105. g5 Kd6 106. Kf6 Rf2 107. Kg7 Ke7 108. g6 Rg2 0-1

[Event "Goteborg Open 2024"]
[Site "Goteborgs Schackcentrum, Vegatan 20, Gothenburg, Sweden"]
[Date "2024.08.02"]
[Round "2.9"]
[White "Eldh, Hjalmar"]
[Black "Harila, Per"]
[Result "1-0"]
[TimeControl "15 minutes + 5 seconds per move from move one (Round 1 - 4) / 90 minutes + 30 seconds per move from move one (Round 5 - 8)"]
[WhiteFideId "1767968"]
[BlackFideId "1707248"]
[WhiteElo "1897"]
[BlackElo "1947"]

1. e4 c5 2. Nf3 g6 3. c3 Bg7 4.
d4 cxd4 5. cxd4 d5 6. e5 Nc6 7. h3 Nh6 8. Bd3 Nf5 9. Bxf5 Bxf5 10. Nc3 Qa5 11. Qb3 Nb4 12. O-O O-O 13. Bd2 Bc2 14.
Qa3 Qxa3 15. bxa3 Nc6 16. Nxd5 Rfd8 17. Nb4 Be4 18. Nxc6 Bxc6 19. Be3 e6 20. Nd2 Bf8 21. Nc4 Rac8 22.
Rfc1 h5 23. Rc3 a6 24. Rac1 Bd5 25. Bg5 Re8 26. Nd6 Rxc3 27. Rxc3 Rb8 28. Rc7 Bxa2 29. Nxf7 b5 30. Nd6 a5 31.
Ne4 Bg7 32. Nf6+ Kh8 33. Bd2 Rf8 34. Nd7 Rf7 35. Bxa5 Bd5 36. Nc5 Rxc7 37. Bxc7 Bf8 38. Bd6 Bh6 39. Kf1 Bc1 40. Nd3 Bc4 41.
Ke2 Bg5 42. g3 Kh7 43. f4 Bd8 44. Kd2 Ba5+ 45. Nb4 Bb6 46. Bc5 Bd8 47. Nc6 Bc7 48. Kc3 Bf1 49. h4 Bg2 50. Na7 Be4 51. Kb4 Bd5 52. Nxb5 Bd8 53. a4 g5 54. fxg5 Kg6 55. Nd6 Bc7 56. a5 Bxd6 57.
exd6 Bc6 58. a6 Kf7 59.
a7 Bd5 60. d7 1-0

[Event "Goteborg Open 2024"]
[Site "Goteborgs Schackcentrum, Vegatan 20, Gothenburg, Sweden"]
[Date "2024.08.02"]
[Round "2.10"]
[White "Green, David"]
[Black "Eklund, Rickard"]
[Result "1-0"]
[TimeControl "15 minutes + 5 seconds per move from move one (Round 1 - 4) / 90 minutes + 30 seconds per move from move one (Round 5 - 8)"]
[WhiteFideId "1769332"]
[BlackFideId "1789040"]
[WhiteElo "1946"]
[BlackElo "1595"]

1. e4 c5 2. Nf3 d6 3.
d4 cxd4 4. Nxd4 Nf6 5. Nc3 a6 6. h3 e6 7. Be3 Nc6 8. Qd2 Bd7 9. Be2 Rc8 10. O-O b5 11. a3 Ne5 12. Rad1 Be7 13.
Rfe1 O-O 14. Bf4 Nc4 15. Bxc4 Rxc4 16. Nf3 e5 17. Bg5 Be6 18. Qe3 Qc7 19. Nd2 Rc5 20. Nb3 Rc6 21. Rd3 Rd8 22.
Red1 Rc8 23. Kh1 Rc4 24. Kg1 Qb7 25. Re1 R4c6 26. Na5 Qc7 27. Nxc6 Qxc6 28. f4 d5 29. exd5 Nxd5 30. Nxd5 Bc5 31.
Ne7+ Bxe7 32. Bxe7 Qxc2 33. Red1 h6 34. Qxe5 Bc4 35. Rd8+ Rxd8 36. Rxd8+ Kh7 37. Kh2 Bf1 38. Qd5 Qc1 39.
Bh4 Qxf4+ 40. Bg3 Qc1 41. Qf5+ 1-0

[Event "Goteborg Open 2024"]
[Site "Goteborgs Schackcentrum, Vegatan 20, Gothenburg, Sweden"]
[Date "2024.08.02"]
[Round "2.11"]
[White "Lindholm, Marcus"]
[Black "Helin, Mikael"]
[Result "0-1"]
[TimeControl "15 minutes + 5 seconds per move from move one (Round 1 - 4) / 90 minutes + 30 seconds per move from move one (Round 5 - 8)"]
[BlackTitle "CM"]
[WhiteFideId "1743473"]
[BlackFideId "1703838"]
[WhiteElo "1851"]
[BlackElo "1937"]

1. d4 d6 2. e4 Nf6 3. Nc3 Nbd7 4. Nf3 e5 5. dxe5 dxe5 6. Bc4 Be7 7. O-O h6 8. Be3 c6 9. Qd2 Qc7 10. Rad1 b5 11. Bd3 Nf8 12.
Nh4 g6 13. f4 Ng4 14. g3 Nxe3 15. Qxe3 Ne6 16. f5 Bc5 17. fxe6 Bxe3+ 18. Kh1 Bxe6 0-1

[Event "Goteborg Open 2024"]
[Site "Goteborgs Schackcentrum, Vegatan 20, Gothenburg, Sweden"]
[Date "2024.08.02"]
[Round "2.12"]
[White "Bergdahl, Daniel"]
[Black "Al Waeli, Laith"]
[Result "0-1"]
[TimeControl "15 minutes + 5 seconds per move from move one (Round 1 - 4) / 90 minutes + 30 seconds per move from move one (Round 5 - 8)"]
[BlackTitle "FM"]
[WhiteFideId "1780921"]
[BlackFideId "4801059"]
[WhiteElo "1689"]
[BlackElo "2077"]

1. e4 d5 2. exd5 Qxd5 3. Nc3 Qd6 4. d4 Nf6 5. Nf3 c6 6. Bc4 Bg4 7. Be3 e6 8.
O-O Be7 9. h3 Bh5 10. a4 a5 11. Qe2 Nbd7 12. Nb1 O-O 13. Nbd2 Rfe8 14. Bd3 Qc7 15. c3 e5 16. Ne4 Nxe4 17.
Bxe4 Nf6 18. Qd3 Nxe4 19. Qxe4 exd4 20. Nxd4 Bf8 21. Qh4 Bg6 22. Bf4 Qb6 23. b3 Rad8 24. Be3 Qc7 25. Rfe1 Re4 26.
Qg3 Bd6 27. Qf3 Rde8 28. Bd2 Qe7 29. Rxe4 Bxe4 30. Qe3 Qe5 31. f4 Qd5 32. c4 Qh5 33. g4 Qh4 34. Nf5 Qd8 35. Nxd6 Qxd6 36.
Bxa5 Re6 37. Qb6 Re8 38. Qf2 c5 39. Bc3 Qd3 40. Be5 Qxh3 41. Qe2 Bf3 42. Qh2 Qxg4+ 43. Kf2 Bd1 44. Ke1 Bxb3 45. Kd2 Rxe5 46. fxe5 Qd4+ 47.
Ke2 Bxc4+ 48. Kf3 Bd5+ 49. Kg3 Qxe5+ 50. Kh3 Be6+ 51. Kg2 Bd5+ 52. Kh3 Qh5+ 53. Kg3 Qe5+ 54. Kh3 Be6+ 55. Kg2 Qb2+ 56. Kg3 Qxa1 57. Qd2 Qe5+ 58. Kf3 Qd5+ 59. Qxd5 Bxd5+ 0-1

[Event "Goteborg Open 2024"]
[Site "Goteborgs Schackcentrum, Vegatan 20, Gothenburg, Sweden"]
[Date "2024.08.02"]
[Round "2.13"]
[White "Dahlin, Emil"]
[Black "Kring, Stephan"]
[Result "0-1"]
[TimeControl "15 minutes + 5 seconds per move from move one (Round 1 - 4) / 90 minutes + 30 seconds per move from move one (Round 5 - 8)"]
[WhiteFideId "1771035"]
[BlackFideId "1711687"]
[WhiteElo "1719"]
[BlackElo "2057"]

1. e4 e5 2. Nf3 Nc6 3. Bc4 Bc5 4. Nc3 d6 5. h3 a6 6.
d3 Nf6 7. Bg5 Be6 8. Bb3 h6 9. Bh4 g5 10. Bg3 Qd7 11. Qd2 O-O-O 12. O-O-O Bxb3 13. axb3 Qe6 14. Rhe1 Bb4 15. Kb1 Nh5 16.
Bh2 f5 17. exf5 Qxf5 18. Qe2 Nf6 19. h4 g4 20. Nd2 Nd4 21. Qf1 Rhf8 22. Na2 Bc5 23. f3 Nd5 24. c3 Ne6 25. c4 Ne3 26.
Rxe3 Bxe3 27. Qe2 Bb6 28. fxg4 Qf2 29. Qxf2 Rxf2 30. Nf1 Rxg2 31. Bg3 Rf8 32. Nc3 Rxf1 33. Rxf1 Rxg3 34. Rf6 Nf4 35.
Rxh6 Rxg4 36. Rh8+ Kd7 37. Nd5 Rg1+ 38. Kc2 Rg2+ 39. Kb1 Kc6 40. Nxb6 Kxb6 41. h5 Nxd3 42. h6 Rxb2+ 43. Ka1 Rh2 44.
h7 e4 45. b4 Nxb4 46. Kb1 e3 47. Re8 Rxh7 48. Rxe3 Rh2 49. Rb3 Kc5 50. Rc3 a5 51. Kc1 c6 52. Kb1 a4 53. Ra3 b5 54.
cxb5 Kxb5 55. Rc3 c5 56. Ra3 d5 57. Rf3 d4 58. Ra3 d3 59. Kc1 c4 60. Rc3 Na2+ 61. Kd1 Nxc3+ 62. Kc1 Rc2# 0-1

[Event "Goteborg Open 2024"]
[Site "Goteborgs Schackcentrum, Vegatan 20, Gothenburg, Sweden"]
[Date "2024.08.02"]
[Round "2.14"]
[White "Mohammed, Safian Haj"]
[Black "Bergdahl, Martin"]
[Result "0-1"]
[TimeControl "15 minutes + 5 seconds per move from move one (Round 1 - 4) / 90 minutes + 30 seconds per move from move one (Round 5 - 8)"]
[WhiteFideId "1729276"]
[BlackFideId "1782231"]
[WhiteElo "1890"]
[BlackElo "1711"]

1. e4 c6 2. d4 d5 3. e5 c5 4.
Nf3 Nc6 5. dxc5 Bg4 6. c3 e6 7. Be3 a6 8. Bd4 Nge7 9. Nbd2 Nf5 10. Nb3 Qc7 11. h3 Bxf3 12. Qxf3 Nxe5 13. Qe2 Nd7 14.
g4 Ne7 15. Bg2 Ng6 16. Qe3 Qf4 17. O-O h5 18. Qxf4 Nxf4 19. g5 Nd3 20. f4 N3xc5 21. f5 Nxb3 22. fxe6 fxe6 23. axb3 Bc5 24.
Rae1 Bxd4+ 25. Rxe6+ Bc5+ 26. Re2+ Bd4+ 27. Ree1+
0-1

[Event "Goteborg Open 2024"]
[Site "Goteborgs Schackcentrum, Vegatan 20, Gothenburg, Sweden"]
[Date "2024.08.02"]
[Round "2.15"]
[White "Hitcher, Oscar"]
[Black "Westlund, Tim"]
[Result "0-1"]
[TimeControl "15 minutes + 5 seconds per move from move one (Round 1 - 4) / 90 minutes + 30 seconds per move from move one (Round 5 - 8)"]
[WhiteFideId "1746901"]
[BlackFideId "1754718"]
[WhiteElo "1679"]
[BlackElo "1886"]

1. e4 e5 2. d4 exd4 3. c3 d5 4. exd5 Qxd5 5. Qxd4 Qxd4 6. cxd4 Nf6 7. Nf3 Nc6 8. Bd3 Nb4 9. Kd2 Nxd3 10.
Kxd3 Bf5+ 11. Ke2 O-O-O 12. Be3 Nd5 13. Nc3 Nxe3 14. fxe3 h6 15. Ne5 Be6 16. b3 Bd6 17. Nc4 Be7 18.
h3 Bf6 19. Rad1 Rhe8 20. Kd2 Bxc4 21. bxc4 Bg5 22. Rhe1 Rxd4+ 23. Kc2 Rxc4 24. Kb3 Rc6 25. e4 Rce6 26. Rd4 Bf6 27. Rc4 Bxc3 28.
Kxc3 f5 29. Rf1 fxe4 30. Rf7 R6e7 31. Rxe7 Rxe7 32. Ra4 e3 33. Rf4 e2 34. Rf8+ Kd7 0-1

[Event "Goteborg Open 2024"]
[Site "Goteborgs Schackcentrum, Vegatan 20, Gothenburg, Sweden"]
[Date "2024.08.02"]
[Round "2.16"]
[White "Johansson, Eva"]
[Black "Madevan Vaishnavi, Yaashvan"]
[Result "0-1"]
[TimeControl "15 minutes + 5 seconds per move from move one (Round 1 - 4) / 90 minutes + 30 seconds per move from move one (Round 5 - 8)"]
[WhiteFideId "1724584"]
[BlackFideId "1772180"]
[WhiteElo "1878"]
[BlackElo "1684"]

1. d4 Nf6 2. c4 g6 3. Nf3 Bg7 4.
g3 c6 5.
Bg2 d5 6. O-O O-O 7. h3 dxc4 8. Ne5 Be6 9. Na3 Bd5 10. Naxc4 Bxg2 11. Kxg2 Nbd7 12. Nf3 Nb6 13. Nce5 Qd5 14.
Qc2 Rac8 15. Rd1 Rfd8 16. b3 c5 17. Qd2 cxd4 18. Qxd4 Qxd4 19. Rxd4 Rxd4 20. Nxd4 Ne4 21. Nef3 e5 22.
Nb5 a6 23. Na3 Nc3 24. Ng1 e4 25. Be3 Nbd5 26. Rc1 Nxe3+ 27. fxe3 Rd8 28. Rc2 Nd5 29. Kf2 Bh6 30. Nc4 b5 31.
Na5 Bxe3+ 32. Kg2 Bb6 33.
Nb7 Ne3+ 34. Kh2 Nxc2 35. Nxd8 Bxd8 0-1

[Event "Goteborg Open 2024"]
[Site "Goteborgs Schackcentrum, Vegatan 20, Gothenburg, Sweden"]
[Date "2024.08.02"]
[Round "2.17"]
[White "Lifmark, Kaspar"]
[Black "Torres, Lucas"]
[Result "0-1"]
[TimeControl "15 minutes + 5 seconds per move from move one (Round 1 - 4) / 90 minutes + 30 seconds per move from move one (Round 5 - 8)"]
[WhiteFideId "1742396"]
[BlackFideId "1769464"]
[WhiteElo "1672"]
[BlackElo "1861"]

1. e4 e6 2. d4 d5 3. e5 c5 4. c3 Nc6 5. Nf3 Qb6 6. a3 c4 7. Be2 Na5 8. Nbd2 Bd7 9. O-O Ne7 10.
Rb1 Qc7 11. Qe1 Ba4 12. Bd1 Qd7 13. b3 Bxb3 14. Nxb3 Nxb3
15. Bxb3 cxb3 16. Rxb3 Nc6 17. Rb1 Na5 18. Nd2 Rc8 19.
Bb2 Be7 20. Qe2 Nc4 21. Nxc4 Rxc4 22. f4 b6 23. Rf3 g6 24. Qd1 Qa4 25. Qxa4+ Rxa4 26. Ra1 Kd7 27. Kf2 Rc8 28. Ke2 b5 29.
g4 f5 30. gxf5 exf5 31. Rff1 Rc6 32. Kd3 Rca6 33. Rfb1 Kc6 34. e6 Kc7 35. Re1 Kd8 36. Ra2 Ke8 37. Bc1 Bxa3 38. Bxa3 Rxa3 39. Rxa3 Rxa3 40. Kc2 Ra2+ 41. Kb3 Rxh2 42. Kb4 Rb2+ 43. Kc5 a5 44. Kxd5 a4 45. Kc5 a3 46. Ra1 a2 47. d5 h5 48.
Kc6 Rc2 49. Kxb5 Ke7 50. c4 h4 51. Kc6 Rxc4+ 52. Kb5 Rc2 53. Rh1 Rb2+ 54. Kc6 Rb1 0-1

[Event "Goteborg Open 2024"]
[Site "Goteborgs Schackcentrum, Vegatan 20, Gothenburg, Sweden"]
[Date "2024.08.02"]
[Round "2.18"]
[White "Evertsson, David"]
[Black "Saleh, Saqr"]
[Result "1/2-1/2"]
[TimeControl "15 minutes + 5 seconds per move from move one (Round 1 - 4) / 90 minutes + 30 seconds per move from move one (Round 5 - 8)"]
[WhiteFideId "1777424"]
[BlackFideId "1785877"]
[WhiteElo "1642"]
[BlackElo "1835"]

1. e4 e6 2. d4 d5 3. Nd2 Nf6 4. e5 Nfd7 5. Ngf3 c5 6. c3 Nc6 7. Bd3 Qb6 8. O-O cxd4 9. cxd4 Nxd4 10.
Nxd4 Qxd4 11. Nf3 Qb6 12. Qa4 Be7 13. Qg4 Kf8 14. Re1 h5 15. Qf4 Qb4 16. Qe3 Bc5 17. Qg5 Be7 18. Qe3 Bc5 1/2-1/2

[Event "Goteborg Open 2024"]
[Site "Goteborgs Schackcentrum, Vegatan 20, Gothenburg, Sweden"]
[Date "2024.08.02"]
[Round "2.19"]
[White "Gallardo, Guillermo"]
[Black "Ulmer, Maya Vissing"]
[Result "1-0"]
[TimeControl "15 minutes + 5 seconds per move from move one (Round 1 - 4) / 90 minutes + 30 seconds per move from move one (Round 5 - 8)"]
[WhiteFideId "1773488"]
[BlackFideId "1479997"]
[WhiteElo "1822"]
[BlackElo "1676"]

1. Nf3 d5 2. g3 Nc6 3. Bg2 e5 4. e3 Nf6 5. h3 Bc5 6. c3 Bf5 7. b4 Bd6 8. O-O O-O 9. d4 e4 10.
Ne1 Qd7 11. Kh2 a5 12. b5 Na7 13. a4 Nc8 14. Ba3 Nb6 15. Bxd6 Qxd6 16. Nd2 Rac8 17. Rc1 c6 18. Qb3 c5 19.
Nc2 c4 20. Qa2 Rfe8 21. Rce1 h5 22. f4 Bd7 23. Rf2 Nh7 24. Ref1 Nf6 25. Qa1 Kh7 26. Qd1 g6 27. Ne1 Qa3 28.
f5 Bxf5 29. Rxf5 gxf5 30. Rxf5 Kg6 31. g4 hxg4 32. hxg4 Rh8+ 33. Kg1 Qxc3 34. Qe2 Nxa4 35. Re5 Qb4 36. Qf2 Qd6 37. Qf5+ Kg7 38. g5 Nd7 39. Rxd5 Qb4 40. Rxd7 Qxd2 41. Qxf7# 1-0